 Dungeon Crawl Stone Soup version 0.30-a0-4-ga7cffc901d (webtiles) character file.

Game seed: 5879173781454690905

70 Setbun the Cutter (level 4, -1/29 HPs)
             Began as a Kobold Berserker on Aug 20, 2022.
             Was a Follower of Trog.
             Slain by a scorpion (3 damage)
             ... on level 2 of the Dungeon.
             The game lasted 00:01:01 (1663 turns).

Setbun the Cutter (Kobold Berserker)                Turns: 1663, Time: 00:01:02

Health: -1/29      AC:  2    Str: 14    XL:     4   Next: 45%
Magic:  4/4        EV: 15    Int:  8    God:    Trog [*.....]
Gold:   63         SH:  0    Dex: 16    Spells: 3/3 levels left

rFire   . . .      SeeInvis .    a - +0 short sword
rCold   . . .      Faith    .    (no shield)
rNeg    . . .      Spirit   .    b - +0 animal skin
rPois   .          Reflect  .    (no helmet)
rElec   .          Harm     .    (no cloak)
rCorr   .          Rampage  .    (no gloves)
Will    .....                    (no boots)
Stlth   +++.......               (no amulet)
HPRegen 0.09/turn                (no ring)
MPRegen 0.09/turn                (no ring)

@: lethally poisoned (-1 -> -3), on berserk cooldown, slowed, very slow
A: small, no large weapons, nightstalker 3
a: Renounce Religion, Berserk


You were on level 2 of the Dungeon.
You worshipped Trog.
Trog was aware of your devotion.
You visited 1 branch of the dungeon, and saw 2 of its levels.

You collected 63 gold pieces.

Inventory:

Hand Weapons
 a - a +0 short sword (weapon)
Armour
 b - a +0 animal skin (worn)
Scrolls
 c - 2 scrolls of poison {unknown}
 d - a scroll of fear {unknown}
 f - a scroll of immolation {unknown}
 g - a scroll of amnesia {unknown}
Potions
 e - 3 potions of heal wounds {unknown}


   Skills:
 + Level 3.8 Fighting
 * Level 5.2 Short Blades
 - Level 1.5 Armour
 + Level 3.1 Dodging
 + Level 2.2 Stealth


You had 3 spell levels left.
You didn't know any spells.
Your spell library was empty.

Dungeon Overview and Level Annotations

Branches:
Dungeon (2/15)

Altars:

Shops:
D:1 =


Innate Abilities, Weirdness & Mutations

You are small and have problems with some larger weapons.
You are completely attuned to the shadows.


Message History

Trog accepts your kill.
Things that are here:
a +0 club; a +0 chain mail You feel a strong urge to attack something.
A scorpion comes into view.
You closely miss the orc. The orc hits you with a +0 hand axe.
You puncture the orc!
You kill the orc!
Trog accepts your kill.
Things that are here:
a +0 hand axe; a +0 leather armour You feel a strong urge to attack something.
You are no longer berserk.
You are exhausted.
You feel yourself slow down. The scorpion stings you.
You are lethally poisoned!
The scorpion poisons you!
You hit the scorpion.
The scorpion is lightly wounded.
* * * LOW HITPOINT WARNING * * *
You feel very sick. The scorpion misses you. x2
You closely miss the scorpion.
The scorpion is lightly wounded.
* * * LOW HITPOINT WARNING * * *
You feel sick. The scorpion misses you.
You hit the scorpion but do no damage.
The scorpion is lightly wounded.
* * * LOW HITPOINT WARNING * * *
You feel sick.
The scorpion stings you but does no damage.
You hit the scorpion.
The scorpion is moderately wounded.
* * * LOW HITPOINT WARNING * * *
You feel sick. The scorpion barely misses you. x2
You hit the scorpion.
The scorpion is moderately wounded.
* * * LOW HITPOINT WARNING * * *
You feel sick. The scorpion stings you.
You die...

..#########
..........#
..........#
.†........#
..........# ######
..........## #....#
.#.........#####....#
.#...........)).)...#
..........######@...#
.#..####### #s...#
...## #....# ..##
#....# ### ###.## .#
.# .. .#


You could see a scorpion.

Vanquished Creatures
  An orc wizard (D:2)
  2 dart slugs
  3 orcs (D:2)
  An endoplasm (D:1)
  A giant cockroach (D:1)
  3 goblins (D:1)
  4 hobgoblins
  6 jackals (D:1)
  A quokka (D:1)
  A ball python (D:2)
  6 bats
  3 kobolds
  5 rats
37 creatures vanquished.

Notes
Turn   | Place    | Note
-------+----------+-------------------------------------------
     0 | D:1      | Setbun the Kobold Berserker began the quest for the Orb.
     0 | D:1      | Reached XP level 1. HP: 14/14 MP: 1/1
   268 | D:1      | Found a faded altar of an unknown god.
   429 | D:1      | Reached XP level 2. HP: 19/19 MP: 2/2
   506 | D:1      | Reached skill level 1 in Stealth
   519 | D:1      | Found Ofuan's Jewellery Boutique.
  1014 | D:1      | Reached XP level 3. HP: 19/23 MP: 3/3
  1650 | D:2      | Reached skill level 5 in Short Blades
  1650 | D:2      | Reached XP level 4. HP: 22/29 MP: 4/4
  1654 | D:2      | Noticed a scorpion
  1663 | D:2      | Slain by a scorpion

Illustrated notes

Levels and vault maps discovered:
D:1:      dpeg_arrival_shrine, layout_basic, serial_shops, nicolae_shop_crystal,
          chequers_ecumenical_altar_simple_redux
D:2:      layout_rooms

Skill      XL: |  1  2  3 |
---------------+----------+-----
Stealth        | 1 2 |  2.2
Short Blades   | 5 |  5.2
Dodging        | 3 |  3.1
Fighting       | |  3.8
Armour         | |  1.5

Action                   |  1- 3 |  4- 6 || total
-------------------------+-------+-------++-------
Melee: Short sword       |   109 |     9 ||   118
       Punch             |     1 |       ||     1
Invok: Berserk           |     1 |       ||     1
 Stab: Sleeping          |    14 |       ||    14
Armor: Animal skin       |    11 |     1 ||    12
Dodge: Dodged            |    75 |     7 ||    82

Table legend: (Time is in decaauts)
 A = Elapsed time spent in this place.
 B = Non-inter-level travel time spent in this place.
 C = Inter-level travel time spent in this place.
 D = Time resting spent in this place.
 E = Time spent auto-exploring this place.
 F = Levels seen in this place.
 G = Mean time per level.
                   A        B        C        D        E       F      G
               +--------+--------+--------+--------+--------+-----+--------+
         Total |   1647 |   1639 |      8 |      0 |   1413 |   2 |  823.5 |
       Dungeon |   1647 |   1639 |      8 |      0 |   1413 |   2 |  823.5 |
               +--------+--------+--------+--------+--------+-----+--------+

Top non-repeatable levels by time:
     D:1: 1352 daAuts
     D:2: 294 daAuts
